[Event "Swiss Championship U14 2022"]
[Site "Biel"]
[Date "2022.07.21"]
[Round "7.4"]
[White "Scherler, Julius"]
[Black "Breyer, Philippe"]
[Result "1/2-1/2"]
[ECO "B53"]
[WhiteElo "1971"]
[BlackElo "1743"]
[Annotator "TA"]
[PlyCount "60"]
[EventDate "2022.07.18"]
[EventType "swiss"]
[EventCountry "SUI"]
[SourceTitle "playchess.com"]
[Source "ChessBase"]
[SourceQuality "1"]
[TimeControl "5400+30"]

1. e4 c5 2. Nf3 d6 3. d4 cxd4 4. Qxd4 Nf6 5. Be2 Nc6 6. Qe3 {[%emt 0:00:47] B53: Sicilian: 2...d6: Lines with Qxd4.} g6 7. O-O Bg7 8. h3 O-O 9. Rd1 Be6 10. Nc3 Rc8 11. a3 a6 12. Nd5 Bxd5 13. exd5 Na5 ({Resist} 13... Ne5 14. Nxe5 dxe5 15. c4 $16) 14. Rb1 {[%emt 0:13:46] [#]} Nc4 $146 (14... Rxc2 $11 15. b4 Nc4) ({Predecessor:} 14... Qc7 15. c3 b5 16. a4 Nc4 17. Qd3 bxa4 18. Ra1 Nb6 19. Qxa6 Nfxd5 20. Nd4 Rfd8 {½-½ (48) Kosakowski,J (2435)-Nasuta,G (2511) Kruszwica 2022}) 15. Qb3 (15. Qf4 $1 $14 b5 16. b3) 15... b5 $11 16. a4 Qb6 ({Black should play} 16... Na5 17. Qa2 (17. Qd3 Rc5 $11) 17... Rxc2) 17. Bxc4 ({Better is} 17. axb5 $11 axb5 18. Nd4) 17... Rxc4 $15 18. Be3 Qb7 19. axb5 axb5 20. Ra1 (20. Qd3 $11) 20... Nxd5 $17 21. Ra7 (21. Bg5 $17) 21... Qc6 $19 22. Bd4 (22. Ne1 $142) 22... e6 $2 (22... e5 $19 23. Bc3 Nxc3 24. bxc3 Rxc3) 23. Bxg7 $11 {[%emt 0:00:00] The position is equal.} Kxg7 24. Nd4 $36 {[%emt 0:00:00][%mdl 2048] [#] White fights for an advantage.} Rxd4 25. Rxd4 Qc5 26. Rxd5 exd5 27. Rb7 Re8 {[%emt 0:02:18] And now ...Re1+ would win.} 28. Qf3 Rf8 29. c3 Qc6 30. Re7 b4 {[%emt 0:01:35] Weighted Error Value: White=0.26 (precise) /Black=0.27 (precise)} 1/2-1/2

[Event "Swiss Championship U14 2022"]
[Site "Biel"]
[Date "2022.07.21"]
[Round "7.5"]
[White "Breyer, Thierry"]
[Black "Stoll, Arturo"]
[Result "1-0"]
[ECO "B51"]
[WhiteElo "1683"]
[BlackElo "1434"]
[Annotator "NA RC COMBH"]
[PlyCount "102"]
[EventDate "2022.07.18"]
[EventType "swiss"]
[EventCountry "SUI"]
[SourceTitle "playchess.com"]
[Source "ChessBase"]
[SourceQuality "1"]
[TimeControl "5400+30"]

1. e4 c5 2. Nf3 Nc6 3. Nc3 e5 4. Bb5 d6 5. d3 Be7 6. Nd5 a6 7. Bxc6+ bxc6 8. Ne3 g6 9. b3 Be6 10. Bb2 Qc7 11. g4 Bf6 12. c4 Qd7 13. Rg1 Bd8 14. Qe2 Nf6 15. Ng5 Ba5+ 16. Kd1 Bd8 17. Nxe6 Qxe6 18. Kc2 a5 19. a4 Bc7 20. Rae1 O-O-O 21. f4 Rd7 22. fxe5 dxe5 23. Rd1 Bb6 24. Qf3 h5 25. h3 Rb7 26. Rdf1 Bd8 27. Bc3 Ne8 28. gxh5 Rxh5 29. Ng4 f6 30. Qe3 Bb6 31. Rf3 Qd6 32. Rfg3 g5 33. Qf3 Rhh7 34. Rf1 Rbf7 35. Qg2 Qf8 36. Rgf3 Bc7 37. Qd2 Qh8 38. Bxe5 Rxh3 39. Bxc7 Rxc7 40. Rxh3 Qxh3 41. Qe2 Rf7 42. Rf5 Nd6 43. Rxf6 Rxf6 44. Nxf6 Qh8 45. Qg4+ Kb7 46. Qd7+ Ka6 47. Qxc6+ Ka7 48. Qxc5+ Kb7 49. Qxd6 Qh4 50. Qd7+ Ka6 51. Qb5+ Ka7 1-0

[Event "Swiss Championship U14 2022"]
[Site "Biel"]
[Date "2022.07.21"]
[Round "7.6"]
[White "Guyer, Marlon"]
[Black "Artan, Tamir"]
[Result "0-1"]
[ECO "C50"]
[WhiteElo "1590"]
[BlackElo "1590"]
[Annotator "NA RC COMBH"]
[PlyCount "102"]
[EventDate "2022.07.18"]
[EventType "swiss"]
[EventCountry "SUI"]
[SourceTitle "playchess.com"]
[Source "ChessBase"]
[SourceQuality "1"]
[TimeControl "5400+30"]

1. e4 e5 2. Nf3 Nc6 3. Bc4 Bc5 4. d3 Nf6 5. Nc3 d6 6. Be3 Bb4 7. a3 Bxc3+ 8. bxc3 Be6 9. Bb5 O-O 10. O-O Ne7 11. c4 h6 12. c3 Ng6 13. Nd2 c6 14. Ba4 Ng4 15. d4 f5 16. d5 cxd5 17. cxd5 Bc8 18. exf5 Bxf5 19. Bc2 Nxe3 20. fxe3 Bxc2 21. Rxf8+ Kxf8 22. Qxc2 Qg5 23. Qd3 Nh4 24. g3 Kg8 25. Rf1 Rf8 26. Rxf8+ Kxf8 27. Ne4 Qg6 28. Qc4 Kg8 29. Kh1 Nf5 30. Qd3 Qg4 31. Kg1 Qf3 32. Nd2 Qxe3+ 33. Qxe3 Nxe3 34. c4 Kf7 35. Kf2 Nc2 36. a4 Na3 37. Ke3 Nc2+ 38. Kd3 Nb4+ 39. Kc3 Na6 40. Ne4 Ke7 41. Kd3 b6 42. Nc3 Nc5+ 43. Ke3 a6 44. Kf3 Kf6 45. Kg4 g6 46. h4 h5+ 47. Kf3 Kf5 48. Kf2 Ne4+ 49. Nxe4 Kxe4 50. a5 bxa5 51. c5 Kxd5 0-1

[Event "Swiss Championship U14 2022"]
[Site "Biel"]
[Date "2022.07.21"]
[Round "7.7"]
[White "Bruessow, Nina"]
[Black "Delangle, Alexander"]
[Result "1-0"]
[ECO "C56"]
[WhiteElo "1655"]
[BlackElo "1612"]
[Annotator "NA RC COMBH"]
[PlyCount "85"]
[EventDate "2022.07.18"]
[EventType "swiss"]
[EventCountry "SUI"]
[SourceTitle "playchess.com"]
[Source "ChessBase"]
[SourceQuality "1"]
[TimeControl "5400+30"]

1. e4 e5 2. Nf3 Nc6 3. d4 exd4 4. Bc4 Nf6 5. e5 d5 6. Bb5 Ne4 7. Nxd4 Bc5 8. Be3 O-O 9. Nxc6 bxc6 10. Bxc5 Nxc5 11. Bxc6 Rb8 12. Qxd5 Qe7 13. O-O Rd8 14. Qc4 Ba6 15. Qc3 Bxf1 16. Kxf1 Rd1+ 17. Ke2 Rbd8 18. b4 Ne6 19. g3 Qg5 20. h4 Qc1 21. Kf3 R8d3+ 22. cxd3 Qxc3 23. Nxc3 Rxa1 24. Ke4 Kf8 25. d4 Rf1 26. f3 Ke7 27. Nd5+ Kd8 28. Ne3 Rxf3 29. Kxf3 Nxd4+ 30. Ke4 Nxc6 31. b5 Ne7 32. Nd5 Nc8 33. h5 h6 34. g4 Kd7 35. Ne3 g6 36. g5 gxh5 37. gxh6 Ne7 38. Nf5 Ng6 39. h7 f6 40. Nh4 Nh8 41. Kf5 fxe5 42. Ng6 Nf7 43. Nxe5+ 1-0

[Event "Swiss Championship U14 2022"]
[Site "Biel"]
[Date "2022.07.21"]
[Round "7.8"]
[White "Gade, Niels Severin"]
[Black "Haas, Anthony"]
[Result "0-1"]
[ECO "C42"]
[WhiteElo "1505"]
[BlackElo "1638"]
[Annotator "NA RC COMBH"]
[PlyCount "108"]
[EventDate "2022.07.18"]
[EventType "swiss"]
[EventCountry "SUI"]
[SourceTitle "playchess.com"]
[Source "ChessBase"]
[SourceQuality "1"]
[TimeControl "5400+30"]

1. e4 e5 2. Nf3 Nf6 3. Nc3 Bb4 4. Bc4 O-O 5. d3 d6 6. h3 Be6 7. Bb3 h6 8. Bd2 Bxc3 9. Bxc3 Nc6 10. O-O a5 11. Re1 a4 12. Bxe6 fxe6 13. d4 exd4 14. Nxd4 Nxd4 15. Bxd4 e5 16. Bc3 Qe8 17. Qd3 Qc6 18. f3 Nh5 19. Bd2 Rab8 20. b3 Nf4 21. Bxf4 Rxf4 22. Qc4+ Qxc4 23. bxc4 b6 24. Rab1 Ra8 25. a3 Rf7 26. Red1 Kf8 27. Kf2 Ke7 28. Rb5 Ra6 29. Ke3 Rf8 30. Rbd5 Rd8 31. g3 c6 32. R5d3 Ra5 33. f4 exf4+ 34. gxf4 Rh5 35. Kf2 Rc5 36. Rd4 Ke6 37. e5 d5 38. cxd5+ Rdxd5 39. Rxd5 cxd5 40. Rd4 Rxc2+ 41. Kg1 Rc4 42. Rxc4 dxc4 43. Kf2 g5 44. fxg5 hxg5 45. Ke3 Kxe5 46. Kd2 Kd4 47. Kc2 c3 48. Kc1 Kd3 49. Kd1 c2+ 50. Kc1 b5 51. h4 gxh4 52. Kb2 Kd2 53. Ka2 c1=R 54. Kb2 Rc3 0-1